 Dungeon Crawl Stone Soup version 0.31.0-12-g77e489cdc1 (webtiles) character file.

Game seed: 17861585363714588757

567 hawla the Carver (level 7, -3/57 HPs)
             Began as a Minotaur Fighter on Feb 25, 2024.
             Slain by Sigmund
             ... wielding a +2 heavy scythe
              (17 damage)
             ... on level 5 of the Dungeon.
             The game lasted 00:05:46 (2751 turns).

hawla the Carver (Minotaur Fighter)                 Turns: 2751, Time: 00:05:47

Health: -3/57      AC: 10    Str: 20    XL:     7   Next: 11%
Magic:  6/6        EV:  7    Int:  5    God:
Gold:   195        SH:  4    Dex: 12    Spells: 6/6 levels left

rFire   + . .        a - +1 long sword
rCold   . . .        c - +0 buckler
rNeg    . . .        i - +0 chain mail
rPois   .            (helmet restricted)
rElec   .            (no cloak)
rCorr   .            (no gloves)
SInv    .            e - +0 pair of boots
Will    .....        (no amulet) Stlth
                     g - ring of protection from fire
HPRegen 0.29/turn    (no ring)
MPRegen 0.10/turn

%: no passive effects
@: no status effects
A: horns 2, retaliatory headbutt
a: no special abilities


You were on level 5 of the Dungeon.
You visited 1 branch of the dungeon, and saw 5 of its levels.

You collected 195 gold pieces.

Inventory:

Hand Weapons
 a - a +1 long sword (weapon)
Armour
 c - a +0 buckler (worn)
 e - a +0 pair of boots (worn)
 i - a +0 chain mail (worn)
Jewellery
 g - a ring of protection from fire (left hand)
 h - a ring of positive energy
Scrolls
 b - a scroll of immolation {unknown}
 f - a scroll of fear {unknown}
 j - a scroll of blinking {unknown}
 k - a scroll of revelation {unknown}
 m - a scroll of amnesia {unknown}
 n - a scroll of vulnerability {unknown}
Potions
 d - a potion of might
 l - 2 potions of cancellation {unknown}


   Skills:
 - Level 3.6 Fighting
 + Level 9.4 Long Blades
 - Level 3.6 Armour
 - Level 3.6 Shields


You had 6 spell levels left.
You didn't know any spells.
Your spell library was empty.

Dungeon Overview and Level Annotations

Branches:
Dungeon (5/15)
 Temple: D:4-7

Altars:
Makhleb

Annotations:
D:4 Dowan, Duvessa
D:5 Sigmund


Innate Abilities, Weirdness & Mutations

You have a pair of horns on your head.
You reflexively headbutt those who attack you in melee.


Message History

There are monsters nearby!
There are monsters nearby! 2 orcs come into view.
The orc shouts! x3
You hit the orc wizard.
The orc wizard is lightly wounded.
The orc wizard hits you with a +0 dagger.
Sigmund the Dreaded comes into view.
He is wielding a +2 heavy scythe and wearing a +2 robe of willpower.
You slash the orc wizard! Your headbutt misses the orc wizard.
The orc wizard is almost dead.
An adder comes into view.
The orc wizard hits you with a +0 dagger.
Sigmund mumbles some strange words.
Sigmund flickers and vanishes!
Deactivating autopickup; reactivate with Ctrl-A.
You hit the orc wizard but do no damage.
The orc wizard is almost dead.
The orc wizard barely misses you.
You slash the orc wizard!
You kill the orc wizard!
You closely miss the orc. You headbutt the orc!
You kill the orc!
You closely miss the orc. Something hits you!!
You closely miss the orc. The orc hits you but does no damage.
The orc hits you with a +0 morningstar!
You closely miss the orc. The orc hits you but does no damage.
The orc barely misses you. You furiously retaliate!
You headbutt the orc!
You kill the orc!
Something hits you!
* * * LOW HITPOINT WARNING * * *
You are too injured to fight recklessly!
You are too injured to fight recklessly!
You hit the orc.
The orc is severely wounded.
The orc hits you with a +0 dagger.
* * * LOW HITPOINT WARNING * * *
You slash the orc!
You kill the orc!
The adder bites you but does no damage. Something hits you!
You die...

############
######..†.<.....#
#>S@)..########.#
#{###### ... #.#.
#.#. # #. .. ##


You could see an adder.

Vanquished Creatures
  Grinder (D:4)
  2 scorpions (D:4)
  A gnoll bouda (D:4)
  An orc priest (D:5)
  An orc wizard (D:5)
  Robin (D:4)
  3 gnolls (D:4)
  5 adders
  2 dart slugs
  A ribbon worm (D:3)
  5 orcs
  3 ball pythons
  7 endoplasms
  A giant cockroach (D:2)
  16 goblins
  4 hobgoblins
  6 quokkas
  5 bats
  2 frilled lizards
  4 kobolds
  5 rats
76 creatures vanquished.

Notes
Turn   | Place    | Note
-------+----------+-------------------------------------------
     0 | D:1      | hawla the Minotaur Fighter began the quest for the Orb.
     0 | D:1      | Reached XP level 1. HP: 19/19 MP: 0/0
   300 | D:1      | Reached skill level 3 in Long Blades
   354 | D:1      | Reached XP level 2. HP: 25/26 MP: 1/1
   808 | D:2      | Reached skill level 4 in Long Blades
   867 | D:2      | Reached XP level 3. HP: 31/31 MP: 2/2
  1495 | D:3      | Reached skill level 5 in Long Blades
  1519 | D:3      | Reached XP level 4. HP: 39/39 MP: 3/3
  1723 | D:3      | Found a burning altar of Makhleb.
  1914 | D:4      | Noticed a scorpion
  1918 | D:4      | Killed a scorpion
  1919 | D:4      | Reached skill level 6 in Long Blades
  1919 | D:4      | Reached XP level 5. HP: 45/45 MP: 4/4
  1928 | D:4      | Noticed Robin
  1935 | D:4      | Noticed Grinder
  2120 | D:4      | HP: 3/63 [gnoll/+0 spear[a gnoll bouda] (2)]
  2123 | D:4      | Reached skill level 7 in Long Blades
  2365 | D:4      | Paralysed by Grinder for 5 turns
  2387 | D:4      | Killed Grinder
  2388 | D:4      | Reached skill level 8 in Long Blades
  2388 | D:4      | Reached XP level 6. HP: 20/51 MP: 5/5
  2420 | D:4      | Killed Robin
  2604 | D:4      | Reached skill level 9 in Long Blades
  2706 | D:4      | Noticed Duvessa
  2709 | D:4      | Noticed Dowan
  2728 | D:5      | Entered Level 5 of the Dungeon
  2738 | D:5      | Reached XP level 7. HP: 57/57 MP: 6/6
  2741 | D:5      | Noticed Sigmund
  2751 | D:5      | Slain by Sigmund

Illustrated notes

Levels and vault maps discovered:
D:1:      amcnicky_arrival_double_pillar, layout_loops_ring
D:2:      layout_loops_ring
D:3:      layout_basic, lightli_temple_of_fire, chequers_serial_rivers_micro_c,
          kennysheep_nub, kennysheep_crisscross
D:4:      layout_cave_pools, corexii_corridor_pit, uniq_grinder,
          uniq_crazy_yiuf_cottage, uniq_robin, uniq_duvessa
D:5:      layout_loops_ring, uniq_sigmund, uniq_eustachio

Skill      XL: |  1  2  3  4  5  6 |
---------------+-------------------+-----
Long Blades    | 3 4 5 6 8 9 |  9.4
Fighting       | |  3.6
Armour         | |  3.6
Shields        | |  3.6

Action                     |  1- 3 |  4- 6 |  7- 9 || total
---------------------------+-------+-------+-------++-------
  Melee: Long sword        |    78 |    87 |    10 ||   175
         Headbutt          |    13 |    12 |     1 ||    26
    Use: Scroll            |     2 |     3 |       ||     5
         Potion            |       |     2 |       ||     2
 Armour: Scale mail        |    54 |    10 |       ||    64
         Chain mail        |       |    92 |    10 ||   102
         Skin              |       |    13 |       ||    13
  Dodge: Dodged            |    24 |    48 |     2 ||    74
  Block: Buckler           |    22 |    26 |       ||    48
